 Dungeon Crawl Stone Soup version 0.25-a0-290-g4a1327ee3a (webtiles) character file.

Game seed: 7013439359453733964, levelgen mode: deterministic

158205 floatRand the Placeless Gnoll (level 17, -4/136 HPs)
             Began as a Gnoll Fighter on Dec 14, 2019.
             Was a High Priest of Cheibriados.
             Slain by a shambling mangrove (21 damage)
             ... on level 4 of the Swamp.
             The game lasted 00:48:19 (25030 turns).

floatRand the Placeless Gnoll (Gnoll Fighter)      Turns: 25030, Time: 00:48:19

Health: -4/136     AC: 17    Str: 43    XL:     17   Next: 71%
Magic:  22/32      EV: 22    Int: 26    God:    Cheibriados [*****.]
Gold:   1451       SH: 18    Dex: 35    Spells: 31/39 levels left

rFire    + . .     SeeInvis +   I - +8 war axe (freeze)
rCold    + . .     Gourm    .   B - +0 shield of Reippo {Dex+4}
rNeg     . . .     Faith    .   Y - +0 swamp dragon scales
rPois    +         Spirit   .   u - +0 helmet
rElec    +         Reflect  .   w - scarf {repulsion}
rCorr    .         Harm     .   S - +1 pair of gloves
MR       .....                  R - +1 pair of boots "Zytraq" {rElec Regen+ Dex-2}
Stlth    +++++.....             K - amulet of regeneration
HPRegen  1.12/turn              z - ring of protection from cold
MPRegen  0.23/turn              A - ring of Sierohyqe {rF+ MR- Str+10 Int+2 SInv}

@: grasped by roots, constricted, studying Translocations, repel missiles, very
slow
A: distributed training, fangs 1, strong nose
a: Bend Time, Temporal Distortion, Slouch, Step From Time, Renounce Religion


You were on level 4 of the Swamp.
You worshipped Cheibriados.
Cheibriados was extremely pleased with you.
You were not hungry.

You visited 5 branches of the dungeon, and saw 28 of its levels.
You visited 1 bazaar.
You also visited: Bailey.

You collected 3432 gold pieces.
You spent 1981 gold pieces at shops.

Inventory:

Hand Weapons
 H - a +4 flail
 I - a +8 war axe of freezing (weapon)
 V - a +5 lajatang of pain
Missiles
 x - 6 throwing nets (quivered)
 Q - 7 curare-tipped darts
Armour
 d - the +1 plate armour of Winter {Regen+}
   (You bought it in a shop in a bazaar)

   It increases your rate of regeneration.
 m - +0 fire dragon scales
 u - a +0 helmet (worn)
 w - a scarf of repulsion (worn)
 B - the +0 shield of Reippo (worn) {Dex+4}
   (You found it on level 4 of the Dungeon)

   It affects your dexterity (+4).
 R - the +1 pair of boots "Zytraq" (worn) {rElec Regen+ Dex-2}
   (You found it on level 14 of the Dungeon)

   It affects your dexterity (-2).
   It insulates you from electricity.
   It increases your rate of regeneration.
 S - a +1 pair of gloves (worn)
 Y - +0 swamp dragon scales (worn)
Jewellery
 z - a ring of protection from cold (left hand)
 A - the ring of Sierohyqe (right hand) {rF+ MR- Str+10 Int+2 SInv}
   (You bought it in a shop on level 6 of the Dungeon)

   [ring of protection from fire]

   It affects your strength (+10).
   It affects your intelligence (+2).
   It protects you from fire.
   It affects your resistance to hostile enchantments.
   It lets you see invisible.
 K - an amulet of regeneration (around neck)
 T - a +6 ring of evasion
Wands
 v - a wand of digging (8)
 y - a wand of disintegration (47)
 G - a wand of polymorph (10)
 P - a wand of iceblast (15)
 U - a wand of flame (46)
 X - a wand of paralysis (13)
Scrolls
 a - 3 scrolls of identify
 b - 2 scrolls of magic mapping
 c - 3 scrolls of silence
 e - 9 scrolls of remove curse
 k - 6 scrolls of teleportation
 l - 3 scrolls of blinking
 n - 3 scrolls of brand weapon
 p - 7 scrolls of amnesia
 q - 5 scrolls of fog
 s - 3 scrolls of holy word
 W - 2 scrolls of fear
 Z - a scroll of enchant armour
Potions
 g - 3 potions of magic
 h - a potion of resistance
 i - 6 potions of brilliance
 j - 3 potions of flight
 o - 7 potions of heal wounds
 C - 7 potions of curing
 D - a potion of ambrosia
 E - 5 potions of might
 J - 3 potions of cancellation
 L - 3 potions of mutation
 M - 2 potions of agility
 N - 2 potions of lignification
Books
 F - a manual of Translocations
Miscellaneous
 O - a box of beasts
Comestibles
 f - 55 rations


   Skills:
 + Level 13.0 Fighting
 + Level 11.5 Short Blades
 + Level 12.3 Long Blades
 + Level 11.5 Axes
 + Level 11.5 Maces & Flails
 + Level 11.5 Polearms
 + Level 11.5 Staves
 + Level 11.5 Slings
 + Level 11.5 Bows
 + Level 11.5 Crossbows
 + Level 11.5 Throwing
 + Level 13.0 Armour
 + Level 11.5 Dodging
 + Level 11.5 Stealth
 + Level 13.0 Shields
 + Level 11.5 Unarmed Combat
 + Level 11.5 Spellcasting
 + Level 9.8 Conjurations
 + Level 9.8 Hexes
 + Level 9.8 Charms
 + Level 9.8 Summonings
 + Level 9.8 Necromancy
 + Level 13.0 Translocations
 + Level 9.8 Transmutations
 + Level 9.8 Fire Magic
 + Level 9.8 Ice Magic
 + Level 9.8 Air Magic
 + Level 9.8 Earth Magic
 + Level 9.8 Poison Magic
 + Level 12.4 Invocations
 + Level 11.5 Evocations


You had 31 spell levels left.
You knew the following spells:

 Your Spells              Type           Power        Failure   Level  Hunger
a - Blink                 Tloc           N/A          1%          2    None
b - Mephitic Cloud        Conj/Pois/Air  ######..     1%          3    None
c - Conjure Flame         Conj/Fire      ######..     1%          3    None

Your spell library contained the following spells:

 Spells                   Type           Power        Failure   Level  Hunger
 Corona                   Hex            ######.      1%          1    None
 Infusion                 Chrm           ####         1%          1    None
 Magic Dart               Conj           ####         1%          1    None
 Call Imp                 Summ           ######..     1%          2    None
 Shroud of Golubria       Chrm/Tloc      ######       1%          2    None
 Slow                     Hex            ######..     1%          2    None
 Song of Slaying          Chrm           ######..     1%          2    None
 Inner Flame              Hex/Fire       ######..     1%          3    None
 Portal Projectile        Hex/Tloc       ######       1%          3    None
 Regeneration             Chrm/Necr      ######....   1%          3    None
 Spectral Weapon          Hex/Chrm       ######..     1%          3    None
 Cause Fear               Hex            ######....   1%          4    None
 Leda's Liquefaction      Hex/Erth       ######....   1%          4    None
 Bolt of Magma            Conj/Fire/Erth ######....   3%          5    ###....
 Iron Shot                Conj/Erth      ######....   17%         6    #####..
 Statue Form              Tmut/Erth      ######...    17%         6    #####..
 Shatter                  Erth           ######....   100%        9    #######


Dungeon Overview and Level Annotations

Branches:
Dungeon (15/15)            Temple (1/1) D:6            Lair (6/6) D:10
  Swamp (4/4) Lair:3        Snake (0/4) Lair:4        Slime (0/5) Lair:6
    Orc (2/2) D:10            Elf (0/3) Orc:2        Vaults (0/5) D:14
 Depths (0/5) D:15         Bailey (visited)

Altars:
Cheibriados
Dithmenos
Fedhas
Hepliaklqana
Kikubaaqudgha
Makhleb
Nemelex Xobeh
Okawaru
Ru
Sif Muna
Trog
Uskayaw
Vehumet
Wu Jian
Zin
Beogh

Shops:
D:6 =   D:9 ((!%   Orc:2 [!}

Portals:
Trove: D:11 (show abyssal rune of Zot)

Annotations:
Lair:3 exclusion: 3 oklob plants
Swamp:4 1 runed translucent door, Hyawatha's ghost, adept GrEE


Innate Abilities, Weirdness & Mutations

Your experience applies equally to all skills.
You have very sharp teeth.
Your uncanny sense of smell can sniff out nearby items.


Message History

You block the shambling mangrove's attack.
* * * LOW HITPOINT WARNING * * *
The grasping roots constrict you!! The thorn hunter closely misses you.
The thorn hunter barely misses you.
Unknown command.
Unknown command.
Unknown command.
You slash the shambling mangrove! You freeze the shambling mangrove.
The shambling mangrove is almost destroyed.
You hit the thorn hunter. You freeze the thorn hunter.
The thorn hunter fires a volley of thorns at you.
The volley of thorns is repelled.
The shambling mangrove barely misses you.
* * * LOW HITPOINT WARNING * * *
The grasping roots constrict you!
Unknown command.
Unknown command.
You feel much better. You block the thorn hunter's attack. x2
The shambling mangrove hits you but does no damage.
You die...

≈....≈.≈...≈....≈♣
..≈≈....≈..≈≈.≈.≈♣♣
.≈....PP.).)....♣.♣♣
≈...≈PPPP..[.)≈≈≈..♣
....#♣PP♣#♣#♣..≈.♣♣
. ##).♣# #♣≈...♣
♣.[.≈# ♣♣♣≈.♣♣
#≈.♣:≈## ♣.)≈♣
#..♣.≈.@# ♣♣..♣♣♣♣
♣≈...♣ff)♣ ♣}..§.♣♣♣
.≈..♣≈...≈≈♣
#.≈≈≈≈..♣♣♣
#.≈♣♣.#♣♣♣.†♣
##.≈≈≈≈≈.≈♣ #.# ♣♣
..♣ ##≈≈≈≈≈.♣♣ . ...
##≈≈≈≈.♣♣ .(.♣
##≈≈≈... ..≈.
#≈≈≈[.≈ #§.≈♣♣.


You could see a thorn hunter and a shambling mangrove.

Vanquished Creatures
  Nikola (Swamp:4)
  Jorgrun (D:13)
  Rupert (Lair:6)
  A thorn hunter (Swamp:4)
  2 vampire knights (Swamp:4)
  2 ettins (Orc:1)
  2 yaktaur captains (D:15)
  A fire dragon (D:15)
  A vault guard (D:14)
  6 ghost crabs
  9 centaur warriors
  2 catoblepae
  16 hydras
  2 shambling mangroves
  4 two-headed ogres
  9 death yaks
  11 alligators
  2 ogre magi (Orc:2)
  A tengu warrior (D:13)
  Sonja (D:10)
  Urug (D:10)
  3 unseen horrors
  A wizard (D:15)
  An unseen horror (shapeshifter) (D:15)
  8 spriggan druids
  A deep elf archer (Bailey)
  10 swamp dragons
  5 spectral hydras (Swamp:4)
  2 phantasmal warriors (Swamp:4)
  3 orc knights
  14 ugly things
  2 lindwurms (Lair:6)
  12 deep elf magi
  2 manticores
  A wolf spider (D:15)
  2 cyclopes (D:15)
  9 orc sorcerers (Orc:2)
  Maurice (D:11)
  Joseph (Lair:1)
  6 elephants (Lair:6)
  2 torpor snails (Lair:6)
  A gargoyle (D:12)
  A centaur skeleton (D:12)
  3 apocalypse crabs (Swamp:3)
  A demonic crawler (Swamp:3)
  11 rime drakes (Lair:6)
  18 spiny frogs
  7 komodo dragons
  2 freezing wraiths (Swamp:4)
  2 yaktaurs (D:15)
  A hydra zombie (Swamp:4)
  7 polar bears
  A tengu conjurer (D:13)
  5 trolls
  4 blink frogs (Swamp:1)
  2 death drake zombies (Swamp:4)
  3 meliai (D:15)
  13 tyrant leeches
  12 hornets
  3 hydra skeletons (Swamp:4)
  17 slime creatures
  5 bog bodies
  A meliai zombie (D:15)
  A harpy skeleton (D:15)
  5 dream sheep
  11 hippogriffs
  4 shadows
  30 yaks
  15 spriggans
  2 wraiths (D:12)
  2 wyverns
  4 basilisks
  3 hungry ghosts
  6 steam dragons (Lair:6)
  15 vampire mosquitoes
  18 swamp worms
  28 insubstantial wisps
  2 nagas (Lair:4)
  3 wargs (Orc:2)
  Menkaure (D:4)
  3 acid dragons
  4 hydra simulacra (Swamp:4)
  4 porcupines
  7 water moccasins
  4 phantoms
  10 orc warriors
  16 swamp drakes
  3 ice beasts
  An eye of draining (D:15)
  A swamp dragon zombie (Swamp:4)
  A hornet zombie (D:10)
  3 black bears
  5 boggarts (Lair:6)
  50 wolves
  16 ogres
  A necrophage (D:10)
  14 centaurs
  8 crocodiles
  A big kobold (D:10)
  14 bullfrogs
  A gnoll sergeant (D:8)
  A wyvern skeleton (D:6)
  4 scorpions
  A water moccasin skeleton (D:8)
  3 electric eels
  8 wights
  3 centaur zombies
  12 crimson imps
  2 bullfrog zombies
  4 hounds
  9 orc priests
  A jelly (Lair:6)
  27 orc wizards
  3 bullfrog skeletons
  3 iguanas
  4 hell rats (Lair:6)
  5 worker ants
  A killer bee zombie (D:10)
  2 hound zombies
  A worker ant zombie (D:8)
  12 adders
  7 gnolls
  5 shadow imps
  An adder zombie (D:10)
  2 adder skeletons
  4 worms
  7 leopard geckos
  64 orcs
  A ball python (D:1)
  7 bats
  5 giant cockroaches
  16 goblins
  11 hobgoblins
  12 jackals
  10 kobolds
  7 quokkas
  9 frilled lizards
  2 quokka skeletons
  A quokka zombie (D:7)
  12 rats
  A plant (Swamp:4)
889 creatures vanquished.

Vanquished Creatures (collateral kills)
  A hydra (Swamp:4)
1 creature vanquished.

Vanquished Creatures (others)
  A swamp dragon (Swamp:4)
  A swamp dragon zombie (Swamp:4)
  4 centaurs (D:13)
  9 fungi
  29 plants
44 creatures vanquished.

Grand Total: 934 creatures vanquished

Notes
Turn   | Place    | Note
-------+----------+-------------------------------------------
     0 | D:1      | floatRand the Gnoll Fighter began the quest for the Orb.
     0 | D:1      | Reached XP level 1. HP: 23/23 MP: 1/1
    79 | D:1      | Reached XP level 2. HP: 28/29 MP: 2/2
   496 | D:1      | Reached XP level 3. HP: 30/35 MP: 3/3
   894 | D:2      | Reached skill level 1 in Invocations
  1256 | D:2      | Reached skill level 1 in Short Blades
  1256 | D:2      | Reached skill level 1 in Axes
  1256 | D:2      | Reached skill level 1 in Maces & Flails
  1256 | D:2      | Reached skill level 1 in Polearms
  1256 | D:2      | Reached skill level 1 in Staves
  1256 | D:2      | Reached skill level 1 in Slings
  1256 | D:2      | Reached skill level 1 in Bows
  1256 | D:2      | Reached skill level 1 in Crossbows
  1256 | D:2      | Reached skill level 1 in Throwing
  1256 | D:2      | Reached skill level 1 in Dodging
  1256 | D:2      | Reached skill level 1 in Stealth
  1256 | D:2      | Reached skill level 1 in Unarmed Combat
  1256 | D:2      | Reached skill level 1 in Spellcasting
  1256 | D:2      | Reached skill level 1 in Evocations
  1263 | D:2      | Reached XP level 4. HP: 41/41 MP: 5/5
  1270 | D:2      | Found an ornate altar of the Wu Jian Council.
  1601 | D:2      | Reached skill level 1 in Conjurations
  1601 | D:2      | Reached skill level 1 in Hexes
  1601 | D:2      | Reached skill level 1 in Charms
  1601 | D:2      | Reached skill level 1 in Summonings
  1601 | D:2      | Reached skill level 1 in Necromancy
  1601 | D:2      | Reached skill level 1 in Translocations
  1601 | D:2      | Reached skill level 1 in Transmutations
  1601 | D:2      | Reached skill level 1 in Fire Magic
  1601 | D:2      | Reached skill level 1 in Ice Magic
  1601 | D:2      | Reached skill level 1 in Air Magic
  1601 | D:2      | Reached skill level 1 in Earth Magic
  1601 | D:2      | Reached skill level 1 in Poison Magic
  1613 | D:2      | Found a radiant altar of Vehumet.
  1933 | D:3      | Reached XP level 5. HP: 43/47 MP: 6/6
  2606 | D:3      | Reached XP level 6. HP: 51/53 MP: 8/8
  3019 | D:4      | Noticed a phantom
  3072 | D:4      | Killed a phantom
  3072 | D:4      | Reached skill level 5 in Long Blades
  3246 | D:4      | Reached XP level 7. HP: 49/59 MP: 10/10
  3362 | D:4      | Noticed Menkaure
  3369 | D:4      | Killed Menkaure
  3448 | D:4      | Got a shimmering shield
  3458 | D:4      | Identified the +0 shield of Reippo {Dex+4} (You found it on
                  | level 4 of the Dungeon)
  3519 | D:4      | Found a sacrificial altar of Ru.
  3663 | D:5      | Entered Level 5 of the Dungeon
  3898 | D:5      | Reached XP level 8. HP: 67/67 MP: 12/12
  3922 | D:5      | Found an iron altar of Okawaru.
  4209 | D:5      | Found a blossoming altar of Fedhas.
  5212 | D:6      | Found Xirouts's Jewellery Boutique.
  5244 | D:6      | Reached XP level 9. HP: 38/72 MP: 14/14
  5364 | D:6      | Found a staircase to the Ecumenical Temple.
  5372 | Temple   | Entered the Ecumenical Temple
  5385 | Temple   | Became a worshipper of Cheibriados the Contemplative
  6282 | D:7      | Found a hazy altar of Hepliaklqana.
  6288 | D:7      | Found an ancient bone altar of Kikubaaqudgha.
  6289 | D:7      | Found an ornate altar of the Wu Jian Council.
  6455 | D:7      | Reached * piety under Cheibriados
  6516 | D:7      | Reached skill level 5 in Invocations
  6704 | D:7      | Found a glowing silver altar of Zin.
  6856 | D:8      | Noticed a two-headed ogre
  6864 | D:8      | Reached XP level 10. HP: 69/80 MP: 15/17
  6871 | D:8      | Killed a two-headed ogre
  6871 | D:8      | Reached skill level 5 in Short Blades
  6871 | D:8      | Reached skill level 5 in Axes
  6871 | D:8      | Reached skill level 5 in Maces & Flails
  6871 | D:8      | Reached skill level 5 in Polearms
  6871 | D:8      | Reached skill level 5 in Staves
  6871 | D:8      | Reached skill level 5 in Slings
  6871 | D:8      | Reached skill level 5 in Bows
  6871 | D:8      | Reached skill level 5 in Crossbows
  6871 | D:8      | Reached skill level 5 in Throwing
  6871 | D:8      | Reached skill level 5 in Dodging
  6871 | D:8      | Reached skill level 5 in Stealth
  6871 | D:8      | Reached skill level 5 in Unarmed Combat
  6871 | D:8      | Reached skill level 5 in Spellcasting
  6871 | D:8      | Reached skill level 5 in Evocations
  7141 | D:8      | Learned a level 2 spell: Blink
  7417 | D:8      | Reached ** piety under Cheibriados
  8052 | D:9      | Reached skill level 5 in Translocations
  8055 | D:9      | Found Arizxaw's Food Shop.
  8138 | D:9      | Found Ycear's Weapon Emporium.
  8433 | D:9      | Found Vuiret's Distillery.
  8436 | D:9      | Bought a potion of agility for 56 gold pieces
  8607 | D:9      | Found Ofuco's Weapon Shoppe.
  8699 | D:10     | Entered Level 10 of the Dungeon
  8910 | D:10     | Found a staircase to the Orcish Mines.
  9002 | D:10     | Reached *** piety under Cheibriados
  9224 | D:10     | Found a staircase to the Lair.
  9224 | D:10     | Noticed Urug
  9239 | D:10     | Killed Urug
  9376 | D:10     | Noticed Sonja
  9378 | D:10     | Killed Sonja
  9378 | D:10     | Reached XP level 11. HP: 87/87 MP: 19/19
  9947 | D:11     | Reached skill level 5 in Conjurations
  9947 | D:11     | Reached skill level 5 in Hexes
  9947 | D:11     | Reached skill level 5 in Charms
  9947 | D:11     | Reached skill level 5 in Summonings
  9947 | D:11     | Reached skill level 5 in Necromancy
  9947 | D:11     | Reached skill level 5 in Transmutations
  9947 | D:11     | Reached skill level 5 in Fire Magic
  9947 | D:11     | Reached skill level 5 in Ice Magic
  9947 | D:11     | Reached skill level 5 in Air Magic
  9947 | D:11     | Reached skill level 5 in Earth Magic
  9947 | D:11     | Reached skill level 5 in Poison Magic
 10031 | D:11     | Noticed Maurice
 10038 | D:11     | Reached **** piety under Cheibriados
 10049 | D:11     | Killed Maurice
 10094 | D:11     | Found a portal to a secret trove of treasure.
 10405 | D:12     | Noticed a two-headed ogre
 10412 | D:12     | Killed a two-headed ogre
 10491 | D:12     | Noticed a four-headed hydra
 10526 | D:12     | Found a flagged portal.
 10555 | Bailey   | Entered a bailey
 10566 | Bailey   | Noticed a deep elf mage
 10574 | Bailey   | Killed a deep elf mage
 10622 | Bailey   | Noticed a deep elf mage
 10623 | Bailey   | Noticed a deep elf mage
 10623 | Bailey   | Noticed a deep elf mage
 10623 | Bailey   | Noticed a deep elf mage
 10629 | Bailey   | Killed a deep elf mage
 10629 | Bailey   | Reached XP level 12. HP: 89/96 MP: 22/22
 10889 | Bailey   | Identified a scroll of acquirement
 11284 | D:13     | Noticed a two-headed ogre
 11318 | D:13     | Killed a two-headed ogre
 11358 | D:13     | Noticed a tengu warrior
 11368 | D:13     | Killed a tengu warrior
 11400 | D:13     | Noticed a centaur warrior
 11417 | D:13     | Killed a centaur warrior
 11417 | D:13     | Reached skill level 10 in Fighting
 11417 | D:13     | Reached skill level 10 in Armour
 11417 | D:13     | Reached skill level 10 in Shields
 11426 | D:13     | Noticed a centaur warrior
 11478 | D:13     | Noticed Jorgrun
 11481 | D:13     | Killed a centaur warrior
 11498 | D:13     | Killed Jorgrun
 11498 | D:13     | Reached XP level 13. HP: 34/103 MP: 24/24
 11533 | D:13     | Reached ***** piety under Cheibriados
 11545 | D:13     | Found a flickering gateway to a bazaar.
 11555 | Bazaar   | Entered a bazaar
 11582 | Bazaar   | Found Toqixor's Book Emporium.
 11675 | Bazaar   | Found Goyhiloq's Distillery.
 11688 | Bazaar   | Found Zylikhlydd's Distillery.
 11699 | Bazaar   | Found Ilapnuoj's Assorted Antiques.
 11705 | Bazaar   | Bought a black opal-encrusted plate armour for 588 gold
                  | pieces
 11713 | Bazaar   | Bought a scroll of identify for 42 gold pieces
 11735 | Bazaar   | Bought a potion of curing for 36 gold pieces
 11735 | Bazaar   | Bought a potion of curing for 36 gold pieces
 11735 | Bazaar   | Bought a potion of curing for 36 gold pieces
 11735 | Bazaar   | Bought a potion of heal wounds for 60 gold pieces
 11735 | Bazaar   | Bought 2 potions of curing for 72 gold pieces
 11735 | Bazaar   | Identified the +1 plate armour of Winter {Regen+} (You
                  | bought it in a shop in a bazaar)
 12244 | Lair:1   | Entered Level 1 of the Lair of Beasts
 12262 | Lair:1   | Noticed Joseph
 12272 | Lair:1   | Killed Joseph
 12573 | Lair:1   | Got a fine plate armour
 13396 | Lair:2   | You fall into a shaft and drop 2 floors!
 13647 | Lair:3   | Identified the cursed +1 plate armour of Action {Slay+2}
                  | (You found it on level 1 of the Lair of Beasts)
 13863 | Lair:3   | Found a staircase to the Swamp.
 14331 | Lair:4   | Found a staircase to the Snake Pit.
 14551 | Lair:4   | Reached ****** piety under Cheibriados
 14551 | Lair:4   | Reached XP level 14. HP: 104/111 MP: 26/26
 15233 | Lair:5   | Reached skill level 10 in Long Blades
 15470 | Lair:5   | Reached skill level 10 in Translocations
 16126 | Lair:6   | Entered Level 6 of the Lair of Beasts
 16209 | Lair:6   | Noticed Rupert
 16209 | Lair:6   | Paralysed by Rupert for 7 turns
 16224 | Lair:6   | Killed Rupert
 16335 | Lair:6   | Reached skill level 10 in Invocations
 16776 | Lair:6   | Reached XP level 15. HP: 40/119 MP: 28/28
 16906 | Lair:6   | Found a staircase to the Slime Pits.
 17770 | D:6      | Bought the ring of Sierohyqe {rF+ MR- Str+10 Int+2 SInv}
                  | for 686 gold pieces
 17986 | D:14     | Got a pair of heavily runed boots
 18010 | D:14     | Identified the +1 pair of boots "Zytraq" {rElec Regen+
                  | Dex-2} (You found it on level 14 of the Dungeon)
 18307 | D:14     | Found a gate to the Vaults.
 18365 | D:15     | Entered Level 15 of the Dungeon
 18495 | D:15     | Reached skill level 10 in Short Blades
 18495 | D:15     | Reached skill level 10 in Axes
 18495 | D:15     | Reached skill level 10 in Maces & Flails
 18495 | D:15     | Reached skill level 10 in Polearms
 18495 | D:15     | Reached skill level 10 in Staves
 18495 | D:15     | Reached skill level 10 in Slings
 18495 | D:15     | Reached skill level 10 in Bows
 18495 | D:15     | Reached skill level 10 in Crossbows
 18495 | D:15     | Reached skill level 10 in Throwing
 18495 | D:15     | Reached skill level 10 in Dodging
 18495 | D:15     | Reached skill level 10 in Stealth
 18495 | D:15     | Reached skill level 10 in Unarmed Combat
 18495 | D:15     | Reached skill level 10 in Spellcasting
 18495 | D:15     | Reached skill level 10 in Evocations
 18639 | D:15     | Learned a level 3 spell: Mephitic Cloud
 18643 | D:15     | Learned a level 3 spell: Conjure Flame
 18852 | D:15     | Found a staircase to the Depths.
 19020 | D:15     | Paralysed by a wizard for 4 turns
 19443 | D:15     | Identified the cursed +0 hunting sling "Trog's Fury"
                  | {velocity, MR- Dex+2 SInv}
 19606 | Orc:1    | Entered Level 1 of the Orcish Mines
 19667 | Orc:1    | Reached XP level 16. HP: 43/127 MP: 30/30
 19970 | Orc:1    | Found a roughly hewn altar of Beogh.
 20240 | Orc:2    | Entered Level 2 of the Orcish Mines
 20240 | Orc:2    | Found a staircase to the Elven Halls.
 20657 | Orc:2    | Found Boruyl's Gadget Shop.
 20706 | Orc:2    | Found a radiant altar of Vehumet.
 20732 | Orc:2    | Found Coseod's Magic Scroll Boutique.
 20745 | Orc:2    | Paralysed by an orc sorcerer for 7 turns
 20767 | Orc:2    | Found an ancient bone altar of Kikubaaqudgha.
 20862 | Orc:2    | Found a roughly hewn altar of Beogh.
 20862 | Orc:2    | Paralysed by an orc sorcerer for 2 turns
 20918 | Orc:2    | Found Roasch's Distillery.
 20924 | Orc:2    | Found Vuecuizo's Antique Armour Shop.
 20936 | Orc:2    | Bought a spiked scale mail for 369 gold pieces
 21040 | Orc:2    | Identified the +1 scale mail "Babubar" {Regen+} (You bought
                  | it in a shop on level 2 of the Orcish Mines)
 21226 | Swamp:1  | Entered Level 1 of the Swamp
 23619 | Swamp:3  | Found a runed translucent door.
 23684 | Swamp:3  | Paralysed by a hornet for 1 turns
 23691 | Swamp:3  | Reached XP level 17. HP: 119/135 MP: 32/32
 24225 | Swamp:4  | Entered Level 4 of the Swamp
 24305 | Swamp:4  | Found a runed translucent door.
 24305 | Swamp:4  | Noticed Hyawatha's ghost (adept GrEE)
 24604 | Swamp:4  | Noticed Nikola
 24883 | Swamp:4  | Killed Nikola
 25029 | Swamp:4  | HP: 1/136 [shambling mangrove (16)]
 25030 | Swamp:4  | Slain by a shambling mangrove

Levels and vault maps discovered:
D:1:      minmay_arrival_four_circles, layout_basic
D:2:      layout_basic, marbit_many_paths, lemuel_tele_altar
D:3:      layout_loops_ring, kennysheep_generic_room_12
D:4:      layout_rooms, nicolae_overflow_hidden_temple, uniq_menkaure
D:5:      layout_gridville, overflow_temple_1_default, kennysheep_mini,
          first_ration
D:6:      layout_rooms, minmay_temple_entry_butterflies, serial_shops,
          nicolae_shop_trees, minmay_manual_mullet
D:7:      layout_rooms, minitemple, zin_treasury, grunt_ogre_cave
D:8:      layout_loops_ring
D:9:      layout_cave_pools, serial_column_ruins, column_ruins_hut_water,
          column_ruins_corridor_straight, column_ruins_columns_corner,
          column_ruins_open_tiny, serial_shops, shop, kennysheep_mini_moat,
          shop, shop
D:10:     minmay_spotlight, layout_loops_ring, lair_entry_dummy, orc_0_dummy,
          uniq_urug, uniq_sonja
D:11:     layout_roguey, nicolae_trove_entry_crystal, uniq_maurice
D:12:     layout_long_grid, enter_bailey_2
D:13:     layout_cave_pools, serial_shops, freezing_bzr, chequers_arboretum,
          uniq_jorgrun
D:14:     layout_rooms, david_vaults_5, hex_tiny
D:15:     grunt_enter_depths_snipers, layout_long_grid, solitary_fountain
Temple:   zaba_magenta_temple
Lair:1:   layout_big_grid, serial_bayou_ford_a, uniq_joseph
Lair:2:   layout_roguey, serial_bayou_shore_a
Lair:3:   layout_loops_ring, nicolae_swamp_entry_splash_gauntlet,
          eino_small_chamber_without_monster, minmay_lair_oklob_chamber,
          infiniplex_staircase_pool_2
Lair:4:   beast_lair_carwin_large_3, layout_loops_ring,
          guppyfry_snake_entry_island, serial_bayou_shore_b, lemuel_fruit_tree
Lair:5:   layout_regular_city, grunt_forest_large_clearings,
          infiniplex_staircase_pool
Lair:6:   minmay_lair_end_enchanted_forest, layout_small_grid,
          minmay_slime_entry_pillars, bobbens_dragon_lair_wall,
          grunt_megastairs_4, uniq_rupert
Swamp:1:  layout_basic_swamp, evilmike_swamp_ruin_rubble_2
Swamp:2:  layout_basic_swamp, serial_swamp_ruin, hangedman_swamp_ruin_hall,
          evilmike_swamp_ruin_house_3, swamp_pool5, st_swamp_ruins_2
Swamp:3:  gammafunk_mikee_crab_dinner, layout_falls_marsh,
          evilmike_swamp_ruin_house_1
Swamp:4:  byrel_swamp_growth_death_and_undeath, layout_basic_swamp,
          gammafunk_ghost_grave, nicolae_swamp_little_tower, uniq_nikola
Orc:1:    layout_caves, nicolae_orc_lost_temple
Orc:2:    kennysheep_orc_mage_school, layout_caves

Skill      XL: |  1  2  3  4  5  6  7  8  9 10 11 12 13 14 15 16 17 |
---------------+----------------------------------------------------+-----
Invocations    | 1 2 3 4 5 6 7 8 9 10 11 12 | 12.4
Short Blades   | 1 2 3 4 5 6 7 8 9 10 11 | 11.5
Axes           | 1 2 3 4 5 6 7 8 9 10 11 | 11.5
Maces & Flails | 1 2 3 4 5 6 7 8 9 10 11 | 11.5
Polearms       | 1 2 3 4 5 6 7 8 9 10 11 | 11.5
Staves         | 1 2 3 4 5 6 7 8 9 10 11 | 11.5
Slings         | 1 2 3 4 5 6 7 8 9 10 11 | 11.5
Bows           | 1 2 3 4 5 6 7 8 9 10 11 | 11.5
Crossbows      | 1 2 3 4 5 6 7 8 9 10 11 | 11.5
Throwing       | 1 2 3 4 5 6 7 8 9 10 11 | 11.5
Dodging        | 1 2 3 4 5 6 7 8 9 10 11 | 11.5
Stealth        | 1 2 3 4 5 6 7 8 9 10 11 | 11.5
Unarmed Combat | 1 2 3 4 5 6 7 8 9 10 11 | 11.5
Spellcasting   | 1 2 3 4 5 6 7 8 9 10 11 | 11.5
Evocations     | 1 2 3 4 5 6 7 8 9 10 11 | 11.5
Conjurations   | 1 2 3 4 5 6 7 8 9 |  9.8
Hexes          | 1 2 3 4 5 6 7 8 9 |  9.8
Charms         | 1 2 3 4 5 6 7 8 9 |  9.8
Summonings     | 1 2 3 4 5 6 7 8 9 |  9.8
Necromancy     | 1 2 3 4 5 6 7 8 9 |  9.8
Translocations | 1 2 3 4 5 7 8 9 10 11 12 13 | 13.0
Transmutations | 1 2 3 4 5 6 7 8 9 |  9.8
Fire Magic     | 1 2 3 4 5 6 7 8 9 |  9.8
Ice Magic      | 1 2 3 4 5 6 7 8 9 |  9.8
Air Magic      | 1 2 3 4 5 6 7 8 9 |  9.8
Earth Magic    | 1 2 3 4 5 6 7 8 9 |  9.8
Poison Magic   | 1 2 3 4 5 6 7 8 9 |  9.8
Long Blades    | 5 6 7 8 9 10 11 12 | 12.3
Fighting       | 7 8 9 10 11 12 13 | 13.0
Armour         | 7 8 9 10 11 12 13 | 13.0
Shields        | 7 8 9 10 11 12 13 | 13.0

Action                   |  1- 3 |  4- 6 |  7- 9 | 10-12 | 13-15 | 16-18 || total
-------------------------+-------+-------+-------+-------+-------+-------++-------
Melee: Long sword        |   108 |   180 |   126 |       |       |       ||   414
       Bite              |    12 |    29 |    63 |   133 |   166 |   135 ||   538
       Short sword       |       |    19 |       |       |       |       ||    19
       Flail             |       |       |   235 |    21 |    39 |       ||   295
       Spear             |       |       |       |   230 |       |       ||   230
       War axe           |       |       |       |   248 |   649 |   581 ||  1478
       Lajatang          |       |       |       |    60 |    85 |       ||   145
Invok: Slouch            |       |       |       |     2 |     1 |    11 ||    14
Evoke: Wand              |       |       |     1 |    12 |    19 |    30 ||    62
       Box of beasts     |       |       |       |       |     1 |     1 ||     2
  Use: Potion            |       |       |     1 |     1 |     4 |     4 ||    10
       Scroll            |       |       |    15 |    18 |    13 |     6 ||    52
 Stab: Sleeping          |       |       |     5 |    11 |       |     1 ||    17
       Invisible         |       |       |       |     3 |     1 |       ||     4
       Petrified         |       |       |       |       |     2 |       ||     2
       Petrifying        |       |       |       |       |     1 |       ||     1
       Confused          |       |       |       |       |       |     1 ||     1
  Eat: Chunk             |     1 |     7 |    13 |     8 |     6 |     3 ||    38
       Ration            |       |       |     1 |     1 |     2 |     3 ||     7
Armor: Scale mail        |    37 |    53 |   107 |   149 |     9 |       ||   355
       Plate armour      |       |       |       |       |   343 |    76 ||   419
       Swamp dragon scal |       |       |       |       |       |   106 ||   106
Dodge: Dodged            |    29 |    51 |   153 |   325 |   559 |   505 ||  1622
       Deflected         |       |     1 |     4 |    25 |    19 |    10 ||    59
Block: Shield            |    59 |    87 |   225 |   362 |   710 |   600 ||  2043
       Rpst.: Long sword |     9 |    10 |    19 |       |       |       ||    38

Table legend:
 A = Non-vault XP
 B = Vault XP
 C = Vault XP percentage of total XP
 D = Non-vault monster count
 E = Vault monster count
 F = Vault count percentage of total count
                 A         B        C        D         E       F
            +---------+---------+-------+---------+---------+-------
      Total |  129724 |   96284 |  42.6 |     629 |     263 |  29.5
            +---------+---------+-------+---------+---------+-------
        D:1 |      42 |       0 |   0.0 |      23 |       0 |   0.0
        D:2 |      68 |      40 |  37.0 |      31 |       1 |   3.1
        D:3 |     233 |       3 |   1.3 |      33 |       2 |   5.7
        D:4 |     465 |     157 |  25.2 |      19 |       1 |   5.0
        D:5 |     623 |       0 |   0.0 |      16 |       0 |   0.0
        D:6 |     925 |     534 |  36.6 |      21 |       7 |  25.0
        D:7 |    1280 |     118 |   8.4 |      20 |       1 |   4.8
        D:8 |    1815 |       0 |   0.0 |      21 |       0 |   0.0
        D:9 |    1117 |       0 |   0.0 |      10 |       0 |   0.0
       D:10 |    1140 |    1880 |  62.3 |      31 |       6 |  16.2
       D:11 |    2254 |     493 |  17.9 |      17 |       1 |   5.6
       D:12 |    4928 |       0 |   0.0 |      26 |       0 |   0.0
       D:13 |    8195 |    3059 |  27.2 |      19 |       1 |   5.0
       D:14 |   10365 |    1002 |   8.8 |      26 |       1 |   3.7
       D:15 |   18318 |    2532 |  12.1 |      44 |       3 |   6.4
     Lair:1 |    2016 |     475 |  19.1 |       8 |       1 |  11.1
     Lair:2 |    1391 |       0 |   0.0 |       7 |       0 |   0.0
     Lair:3 |    3522 |    1869 |  34.7 |      16 |      10 |  38.5
     Lair:4 |    5547 |    5306 |  48.9 |      13 |      13 |  50.0
     Lair:5 |    6898 |    3494 |  33.6 |      20 |      28 |  58.3
     Lair:6 |    7855 |   19082 |  70.8 |      24 |      72 |  75.0
    Swamp:1 |    5276 |       0 |   0.0 |      20 |       0 |   0.0
    Swamp:2 |   13593 |    6275 |  31.6 |      46 |      13 |  22.0
    Swamp:3 |    7627 |    9208 |  54.7 |      22 |      14 |  38.9
    Swamp:4 |   17042 |   26568 |  60.9 |      43 |      42 |  49.4
      Orc:1 |    3880 |       0 |   0.0 |      21 |       0 |   0.0
      Orc:2 |    3309 |    7218 |  68.6 |      32 |      34 |  51.5
     Bailey |       0 |    6971 | 100.0 |       0 |      12 | 100.0
            +---------+---------+-------+---------+---------+-------
